 Dungeon Crawl Stone Soup version 0.25-a0-731-g0472a16d6a (webtiles) character file.

Game seed: 5218282155656562873, levelgen mode: deterministic

149 Fukker the Magician (level 5, -8/37 HPs)
             Began as a Gnoll Wizard on Apr 8, 2020.
             Mangled by an orc
             ... wielding a +0 flail
              (9 damage)
             ... on level 3 of the Dungeon.
             The game lasted 00:07:28 (2048 turns).

Fukker the Magician (Gnoll Wizard)                  Turns: 2048, Time: 00:07:29

Health: -8/37      AC:  3    Str:  9    XL:     5   Next: 31%
Magic:  3/14       EV: 14    Int: 22    God:
Gold:   64         SH:  0    Dex: 13    Spells: 7/18 levels left

rFire    . . .     SeeInvis .   g - +0 short sword
rCold    . . .     Gourm    +   (no shield)
rNeg     . . .     Faith    .   a - +0 robe
rPois    .         Spirit   .   b - +1 hat
rElec    .         Reflect  .   (no cloak)
rCorr    .         Harm     .   (no gloves)
MR       .....                  (no boots)
Stlth    ++++......             i - amulet of the gourmand
HPRegen  0.12/turn              m - ring of stealth
MPRegen  0.14/turn              (no ring)

@: mighty
A: distributed training, fangs 1, strong nose
a: no special abilities


You were on level 3 of the Dungeon.
You were not hungry.

You visited 1 branch of the dungeon, and saw 3 of its levels.

You collected 64 gold pieces.

Inventory:

Hand Weapons
 g - a +0 short sword (weapon)
Missiles
 e - 31 stones (quivered)
 h - 21 poisoned darts
Armour
 a - a +0 robe (worn)
 b - a +1 hat (worn)
Jewellery
 i - an amulet of the gourmand (around neck)
 m - a ring of stealth (left hand)
Scrolls
 n - a scroll of blinking {unknown}
Comestibles
 d - 5 rations


   Skills:
 + Level 1.4 Fighting
 + Level 1.4 Short Blades
 + Level 1.4 Long Blades
 + Level 1.4 Axes
 + Level 1.4 Maces & Flails
 + Level 1.4 Polearms
 + Level 1.4 Staves
 + Level 1.4 Slings
 + Level 1.4 Bows
 + Level 1.4 Crossbows
 + Level 1.4 Throwing
 + Level 1.4 Armour
 + Level 4.7 Dodging
 + Level 4.4 Stealth
 + Level 1.4 Shields
 + Level 1.4 Unarmed Combat
 + Level 7.3 Spellcasting
 + Level 2.3 Conjurations
 + Level 1.1 Hexes
 + Level 1.1 Charms
 + Level 2.3 Summonings
 + Level 1.1 Necromancy
 + Level 2.3 Translocations
 + Level 1.1 Transmutations
 + Level 1.1 Fire Magic
 + Level 1.1 Ice Magic
 + Level 1.1 Air Magic
 + Level 1.1 Earth Magic
 + Level 1.1 Poison Magic
 + Level 1.6 Invocations
 + Level 1.4 Evocations


You had 7 spell levels left.
You knew the following spells:

 Your Spells              Type           Power        Failure   Level  Hunger
a - Magic Dart            Conj           ###.         3%          1    None
b - Blink                 Tloc           N/A          4%          2    None
c - Call Imp              Summ           ###.....     4%          2    None
d - Conjure Flame         Conj/Fire      ###.....     12%         3    None
e - Mephitic Cloud        Conj/Pois/Air  ##......     13%         3    None

Your spell library contained the following spells:

 Spells                   Type           Power        Failure   Level  Hunger
 Slow                     Hex            ##......     8%          2    None


Dungeon Overview and Level Annotations

Branches:
Dungeon (3/15)

Altars:
Fedhas


Innate Abilities, Weirdness & Mutations

Your experience applies equally to all skills.
You have very sharp teeth.
Your uncanny sense of smell can sniff out nearby items.


Message History

Your crimson imp hits the orc.
You miss the adder.
The adder is moderately wounded.
You feel less wooden.
Your +0 hat unmelds from your body.
Your +0 robe unmelds from your body.
The adder closely misses you. The orc barely misses your crimson imp.
The orc closely misses you.
Your crimson imp hits the orc.
Unknown command.
As you read the scroll labeled BIFOCA NURPHO, it crumbles to dust.
It is a scroll of enchant armour.
Your +0 hat glows green for a moment.
The adder barely misses you. The orc hits your crimson imp. The orc misses you.
Your crimson imp closely misses the orc.
The adder misses you.
As you read the scroll labeled LEIN MAKOODEZEM, it crumbles to dust.
You feel blessed for a moment.
It was a scroll of remove curse.
The orc misses your crimson imp. The adder bites you.
* * * LOW HITPOINT WARNING * * *
The orc hits you with a +0 flail!
You die...

#+#+#+# ....... .......
##### .......
#####......
.....(o###+#+#.S@.....#
#.[.<†...5o.....#
..#..)....o.......#
...................#
....................#
.....................#
∆................!....#
.....#...............#
###..#...............


You could see an adder, 2 orcs and a friendly crimson imp.

Vanquished Creatures
  Natasha (D:3)
  2 worms
  3 leopard geckos
  3 orcs (D:3)
  4 giant cockroaches
  4 goblins
  6 hobgoblins
  3 jackals (D:1)
  A ball python (D:2)
  7 bats
  4 frilled lizards
  10 kobolds
  10 rats
58 creatures vanquished.

Vanquished Creatures (collateral kills)
  2 orc priests (D:3)
  Natasha (D:3)
3 creatures vanquished.

Grand Total: 61 creatures vanquished

Notes
Turn   | Place    | Note
-------+----------+-------------------------------------------
     0 | D:1      | Fukker the Gnoll Wizard began the quest for the Orb.
     0 | D:1      | Reached XP level 1. HP: 13/13 MP: 8/8
    51 | D:1      | Reached XP level 2. HP: 14/19 MP: 1/10
    55 | D:1      | Learned a level 2 spell: Blink
    58 | D:1      | Learned a level 2 spell: Call Imp
   465 | D:1      | Reached XP level 3. HP: 25/25 MP: 7/11
   470 | D:1      | Learned a level 3 spell: Conjure Flame
   474 | D:1      | Learned a level 3 spell: Mephitic Cloud
  1284 | D:2      | Reached skill level 1 in Invocations
  1387 | D:2      | Found a blossoming altar of Fedhas.
  1702 | D:2      | Reached skill level 1 in Fighting
  1702 | D:2      | Reached skill level 1 in Short Blades
  1702 | D:2      | Reached skill level 1 in Long Blades
  1702 | D:2      | Reached skill level 1 in Axes
  1702 | D:2      | Reached skill level 1 in Maces & Flails
  1702 | D:2      | Reached skill level 1 in Polearms
  1702 | D:2      | Reached skill level 1 in Staves
  1702 | D:2      | Reached skill level 1 in Slings
  1702 | D:2      | Reached skill level 1 in Bows
  1702 | D:2      | Reached skill level 1 in Crossbows
  1702 | D:2      | Reached skill level 1 in Throwing
  1702 | D:2      | Reached skill level 1 in Armour
  1702 | D:2      | Reached skill level 1 in Shields
  1702 | D:2      | Reached skill level 1 in Unarmed Combat
  1702 | D:2      | Reached skill level 1 in Evocations
  1767 | D:2      | Reached XP level 4. HP: 21/32 MP: 5/13
  1912 | D:2      | Found a faded altar of an unknown god.
  1986 | D:3      | Noticed Natasha
  2009 | D:3      | Killed Natasha
  2009 | D:3      | Reached skill level 1 in Hexes
  2009 | D:3      | Reached skill level 1 in Charms
  2009 | D:3      | Reached skill level 1 in Necromancy
  2009 | D:3      | Reached skill level 1 in Transmutations
  2009 | D:3      | Reached skill level 1 in Fire Magic
  2009 | D:3      | Reached skill level 1 in Ice Magic
  2009 | D:3      | Reached skill level 1 in Air Magic
  2009 | D:3      | Reached skill level 1 in Earth Magic
  2009 | D:3      | Reached skill level 1 in Poison Magic
  2010 | D:3      | Noticed Natasha
  2025 | D:3      | Reached XP level 5. HP: 16/37 MP: 3/14
  2028 | D:3      | Killed Natasha
  2048 | D:3      | HP: 1/37 [adder (2)]
  2048 | D:3      | Mangled by an orc

Levels and vault maps discovered:
D:1:      dpeg_arrival_stonehenge_8_columns, layout_loops_corners
D:2:      layout_basic, lemuel_coloured_pillars_altar,
          chequers_ecumenical_altar_simple_redux, first_ration
D:3:      layout_basic, uniq_natasha

Skill      XL: |  1  2  3  4 |
---------------+-------------+-----
Conjurations   | 2 |  2.3
Summonings     | 2 |  2.3
Translocations | 2 |  2.3
Invocations    | 1 |  1.6
Fighting       | 1 |  1.4
Short Blades   | 1 |  1.4
Long Blades    | 1 |  1.4
Axes           | 1 |  1.4
Maces & Flails | 1 |  1.4
Polearms       | 1 |  1.4
Staves         | 1 |  1.4
Slings         | 1 |  1.4
Bows           | 1 |  1.4
Crossbows      | 1 |  1.4
Throwing       | 1 |  1.4
Armour         | 1 |  1.4
Shields        | 1 |  1.4
Unarmed Combat | 1 |  1.4
Evocations     | 1 |  1.4
Hexes          | 1 |  1.1
Charms         | 1 |  1.1
Necromancy     | 1 |  1.1
Transmutations | 1 |  1.1
Fire Magic     | 1 |  1.1
Ice Magic      | 1 |  1.1
Air Magic      | 1 |  1.1
Earth Magic    | 1 |  1.1
Poison Magic   | 1 |  1.1
Dodging        | |  4.7
Stealth        | |  4.4
Spellcasting   | |  7.3

Action                   |  1- 3 |  4- 6 || total
-------------------------+-------+-------++-------
Melee: Short sword       |    25 |    25 ||    50
       Bite              |     1 |       ||     1
 Cast: Magic Dart        |    88 |     9 ||    97
       Conjure Flame     |     1 |       ||     1
       Mephitic Cloud    |       |     2 ||     2
       Call Imp          |       |     2 ||     2
  Use: Potion            |       |     3 ||     3
       Scroll            |       |     2 ||     2
 Stab: Sleeping          |     7 |     2 ||     9
  Eat: Chunk             |     4 |     3 ||     7
Armor: Robe              |     6 |     1 ||     7
       Skin              |       |    28 ||    28
Dodge: Dodged            |    27 |    11 ||    38

Table legend:
 A = Non-vault XP
 B = Vault XP
 C = Vault XP percentage of total XP
 D = Non-vault monster count
 E = Vault monster count
 F = Vault count percentage of total count
                 A         B        C        D         E       F
            +---------+---------+-------+---------+---------+-------
      Total |     187 |      27 |  12.6 |      60 |       1 |   1.6
            +---------+---------+-------+---------+---------+-------
        D:1 |      48 |       0 |   0.0 |      30 |       0 |   0.0
        D:2 |      38 |       0 |   0.0 |      22 |       0 |   0.0
        D:3 |     101 |      27 |  21.1 |       8 |       1 |  11.1
            +---------+---------+-------+---------+---------+-------
